 Seeded DCSS version 0.29-a0-11-ga75d3d97ab (webtiles) character file.

Game seed: 3698939498586987721 (custom seed)

67 croobank the Insei (level 4, -4/29 HPs)
             Began as an Octopode Transmuter on Jan 29, 2022.
             Slain by a gnoll (8 damage)
             ... on level 2 of the Dungeon.
             The game lasted 00:03:48 (1931 turns).

croobank the Insei (Octopode Transmuter)            Turns: 1931, Time: 00:03:49

Health: -4/29      AC:  1    Str:  9    XL:     4   Next: 18%
Magic:  6/7        EV: 13    Int: 17    God:
Gold:   67         SH:  0    Dex: 12    Spells: 5/8 levels left

rFire   . . .      SeeInvis .   a - +0 short sword
rCold   . . .      Faith    .   (no shield)
rNeg    . . .      Spirit   .   (helmet restricted)
rPois   .          Reflect  .   (no amulet)
rElec   .          Harm     .   (no ring)
rCorr   .          Rampage  .   (no ring)
Will    .....                   (no ring)
Stlth   ++........              (no ring)
HPRegen 0.09/turn               (no ring)
MPRegen 0.10/turn               (no ring)
                                (no ring)
                                (no ring)

@: no status effects
A: almost no armour, amphibious, 8 rings, camouflage 1, gelatinous body 1,
(nimble swimmer 1), tentacles
a: no special abilities


You were on level 2 of the Dungeon.
You visited 1 branch of the dungeon, and saw 3 of its levels.

You collected 67 gold pieces.

Inventory:

Hand Weapons
 a - a +0 short sword (weapon)
 b - a +0 hunting sling
Missiles
 j - 21 sling bullets
Scrolls
 c - a scroll of magic mapping {unknown}
 d - 2 scrolls of acquirement {unknown}
 f - 2 scrolls of identify {unknown}
 h - a scroll of teleportation {unknown}
Potions
 e - a potion of brilliance {unknown}
 g - a potion of lignification {unknown}
 i - 2 potions of attraction {unknown}


   Skills:
 + Level 1.8 Fighting
 + Level 2.5 Dodging
 + Level 3.4 Unarmed Combat
 + Level 2.5 Spellcasting
 + Level 2.6 Transmutations


You had 5 spell levels left.
You knew the following spells:

 Your Spells              Type           Power      Damage    Failure   Level
a - Beastly Appendage     Tmut           20%        N/A       6%          1
b - Wereblood             Tmut           10%        N/A       10%         2

Your spell library contained the following spells:

 Spells                   Type           Power      Damage    Failure   Level
 Spider Form              Tmut/Pois      6%         N/A       32%         3
 Ice Form                 Ice/Tmut       6%         N/A       71%         4


Dungeon Overview and Level Annotations

Branches:
Dungeon (3/15)

Altars:

Shops:
D:2 (


Innate Abilities, Weirdness & Mutations

You cannot wear most types of armour.
You are amphibious.
You can wear up to eight rings at the same time.
Your skin changes colour to match your surroundings (Stealth+).
Your rubbery body absorbs attacks. (AC +1, EV +1)
((You are camouflaged when in or above water. (Stealth+)))
You have tentacles for arms and can constrict up to eight enemies at once.


Message History

You kill the jackal!
Your tentacle spike disappears.
Your primal bloodlust is almost over.
Unknown command.
You puncture the hobgoblin!
You kill the hobgoblin!
A gnoll comes into view. It is wielding a +0 spear.
The gnoll barely misses you.
You see here a jackal corpse.
You hit the gnoll. You grab the gnoll. You squeeze the gnoll!
You kill the gnoll!
You have reached level 4!
You see here a +0 whip of draining.
Your primal bloodlust has ended.
You hear a shout!
The gnoll barely misses you.
You closely miss the gnoll. You grab the gnoll. You squeeze the gnoll.
The gnoll is moderately wounded.
You constrict the gnoll. The gnoll hits you with a +0 spear.
A gnoll comes into view. It is wielding a +0 flail.
You hit the gnoll but do no damage.
The gnoll is moderately wounded.
You constrict the gnoll. The gnoll hits you with a +0 spear.
You hit the gnoll.
The gnoll is severely wounded.
You constrict the gnoll, but do no damage.
The gnoll closely misses you.
You hit the gnoll.
You kill the gnoll!
The gnoll throws a throwing net.
The throwing net hits you.
You become entangled in the net!
You struggle against the net.
You struggle against the net.
You struggle against the net.
The gnoll closely misses you.
You rip the net and break free!
The gnoll hits you with a +0 flail!
Ouch! That really hurt!
* * * LOW HITPOINT WARNING * * *
You hit the gnoll. Your grab misses the gnoll. Your squeeze misses the gnoll.
The gnoll is lightly wounded.
The gnoll hits you with a +0 flail!
You die...

#..##..# #.#
.......# ###
#.# #..##.....
... #.# #.†#
#### #.# #.#
#..# # ###
#.#######.#
#..# .#
..###........#
#..##.#
#.#.#########
......#
###########.##
##..###
#....g@)†>..#
#..#
#.#########.#
##..# #.#
....# #.#
###<# #.# #..
#.# #.# #.#
#.# .#


You could see a gnoll.

Vanquished Creatures
  2 gnolls (D:2)
  An adder (D:2)
  3 ball pythons (D:1)
  2 bats
  3 endoplasms
  7 hobgoblins
  8 jackals
  A quokka (D:2)
  4 frilled lizards (D:2)
  2 kobolds (D:1)
  2 rats
35 creatures vanquished.

Notes
Turn   | Place    | Note
-------+----------+-------------------------------------------
     0 | D:1      | croobank the Octopode Transmuter began the quest for the
                  | Orb.
     0 | D:1      | Reached XP level 1. HP: 13/13 MP: 3/3
   728 | D:1      | Reached XP level 2. HP: 12/18 MP: 3/5
   731 | D:1      | Learned a level 2 spell: Wereblood
  1574 | D:2      | Reached XP level 3. HP: 23/23 MP: 4/6
  1661 | D:2      | Found Afealo's Antique Weapon Shoppe.
  1921 | D:2      | Reached XP level 4. HP: 29/29 MP: 5/7
  1931 | D:2      | Slain by a gnoll

Illustrated notes

Levels and vault maps discovered:
D:1:      roderic_octagonal_star, layout_loops_corners, serial_rivers,
          chequers_serial_rivers_room_b, chequers_serial_rivers_micro_e,
          chequers_serial_rivers_micro_c, chequers_serial_rivers_micro_a,
          chequers_serial_rivers_micro_e
D:2:      layout_loops_ring, serial_shops, shop_fountains
D:3:      layout_basic, tgw_trog, shapermc_ecumenical_altar_mp_ritualfount,
          grunt_ministairs_8

Action                   |  1- 3 |  4- 6 || total
-------------------------+-------+-------++-------
Melee: Unarmed           |    32 |       ||    32
       Constrict         |    21 |     1 ||    22
       Kick              |    18 |       ||    18
       Tentacles         |    10 |     1 ||    11
       Short sword       |    35 |     5 ||    40
       Punch             |     1 |       ||     1
 Cast: Beastly Appendage |    18 |       ||    18
       Wereblood         |     2 |       ||     2
 Stab: Sleeping          |     5 |       ||     5
Armor: Skin              |     5 |       ||     5
Dodge: Dodged            |    47 |     3 ||    50

Table legend: (Time is in decaauts)
 A = Elapsed time spent in this place.
 B = Non-inter-level travel time spent in this place.
 C = Inter-level travel time spent in this place.
 D = Time resting spent in this place.
 E = Time spent auto-exploring this place.
 F = Levels seen in this place.
 G = Mean time per level.
                   A        B        C        D        E       F      G
               +--------+--------+--------+--------+--------+-----+--------+
         Total |   1931 |   1919 |     12 |      0 |   1606 |   3 |  643.7 |
       Dungeon |   1931 |   1919 |     12 |      0 |   1606 |   3 |  643.7 |
               +--------+--------+--------+--------+--------+-----+--------+

Top non-repeatable levels by time:
     D:1: 1482 daAuts
     D:2: 429 daAuts
     D:3: 18 daAuts
